 Dungeon Crawl Stone Soup version 0.21.0-24-g2553a33 (webtiles) character file.

762 Suckerboh the Conjurer (level 7, -2/37 HPs)
             Began as a Deep Elf Fire Elementalist on Jan 20, 2018.
             Killed from afar by an orc wizard (9 damage)
             ... with a magic dart
             ... on level 4 of the Dungeon.
             The game lasted 00:07:52 (4935 turns).

Suckerboh the Conjurer (Deep Elf Fire Elementalist) Turns: 4935, Time: 00:07:53

Health: -2/37      AC:  3    Str:  5    XL:     7   Next: 51%
Magic:  2/18       EV: 13    Int: 22    God:
Gold:   173        SH:  0    Dex: 15    Spells: 5/18 levels left

rFire    . . .     SeeInvis .   a - +1 dagger (drain)
rCold    . . .     Gourm    .   (no shield)
rNeg     . . .     Faith    .   m - +0 robe
rPois    .         Spirit   .   j - +0 helmet
rElec    .         Reflect  .   (no cloak)
rCorr    .         Harm     .   (no gloves)
MR       .....                  (no boots)
Stlth    ++........             (no amulet)
HPRegen  0.12/turn              (no ring)
MPRegen  0.16/turn              (no ring)

@: very slightly contaminated
A: no striking features
a: no special abilities


You were on level 4 of the Dungeon.
You were hungry.

You visited 1 branch of the dungeon, and saw 4 of its levels.

You collected 173 gold pieces.

Inventory:

Hand Weapons
 a - a +1 dagger of draining (weapon)
Armour
 j - a +0 helmet (worn)
 m - a +0 robe (worn)
 t - a +1 hat
Jewellery
 q - an uncursed amulet of harm {unknown}
Wands
 r - a wand of flame (24)
Scrolls
 e - 3 scrolls of identify {unknown}
 h - a scroll of random uselessness {unknown}
 i - 3 scrolls of teleportation {unknown}
 k - 3 scrolls of remove curse {unknown}
 s - a scroll of enchant armour {unknown}
Potions
 f - 2 potions of flight {unknown}
 g - 3 potions of curing {unknown}
 l - a potion of lignification {unknown}
 n - 2 potions of magic {unknown}
 o - a potion of haste {unknown}
 p - a potion of heal wounds {unknown}
Books
 b - a book of Flames

   Spells                             Type                      Level
   a - Flame Tongue                   Conjuration/Fire             1
   b - Throw Flame                    Conjuration/Fire             2
   c - Conjure Flame                  Conjuration/Fire             3
   d - Inner Flame                    Hexes/Fire                   3
   e - Sticky Flame                   Conjuration/Fire             4
   f - Fireball                       Conjuration/Fire             5
Comestibles
 c - 9 rations
 d - 5 chunks of flesh


   Skills:
 + Level 0.7 Fighting
 + Level 3.2 Dodging
 - Level 2.4 Stealth
 + Level 6.0 Spellcasting
 * Level 6.0 Conjurations
 + Level 5.6 Fire Magic


You had 5 spell levels left.
You knew the following spells:

 Your Spells              Type           Power        Failure   Level  Hunger
a - Flame Tongue          Conj/Fire      ####.        1%          1    None
b - Conjure Flame         Conj/Fire      ####....     2%          3    #......
c - Sticky Flame          Conj/Fire      ####....     8%          4    ###....
d - Fireball              Conj/Fire      ####......   22%         5    #####..


Dungeon Overview and Level Annotations

Branches:
Dungeon (4/15)
 Temple: D:4-7

Altars:
Dithmenos
Makhleb

Annotations:
D:3 Sigmund


Message History

Confirm with . or Enter, or press ? or * to list all spells.
Aiming: Sticky Flame
Press: ? - help, Shift-Dir - straight line, f/p - orc wizard
Aim: an orc wizard, wielding a dagger and wearing a robe (heavily wounded)
The sticky flame hits the orc wizard.
The orc wizard is severely wounded.
The orc wizard is covered in liquid flames!
You are feeling hungry.
The orc wizard burns!
You kill the orc wizard!
Your Spellcasting skill increases to level 6!
The orc wizard points at you and mumbles some strange words.
You easily resist.
The orc hits you from afar with a trident.
* * * LOW HITPOINT WARNING * * *
The orc wizard mumbles some strange words.
The orc wizard blinks!
The orc wizard points at you and mumbles some strange words.
The magic dart hits you!
You die...

#...|.........#
#.............##.
#.............#..
#...............o
#.........o......
#####............
##........>....
###..............
##...@..o........#
#..............###
#..#......())....#
.. #..........$..#
#.............#
#.............#
#.............#
#.............#
#..............#


You could see an orc wizard and an orc.

Vanquished Creatures
  The ghost of Suckerboh the Firebug, an amateur DEFE (D:3)
  An ogre (D:4)
  A phantom (D:4)
  A hound (D:2)
  3 orc wizards (D:4)
  3 orc priests
  Jessica (D:3)
  An iguana (D:4)
  Terence (D:3)
  3 gnolls (D:4)
  5 adders
  2 oozes
  A worm (D:2)
  4 dart slugs
  5 leopard geckos
  16 orcs
  5 giant cockroaches
  4 goblins
  12 hobgoblins
  6 jackals (D:3)
  2 quokkas
  2 ball pythons (D:3)
  4 bats
  4 frilled lizards
  7 kobolds
  5 rats
100 creatures vanquished.

Notes
Turn   | Place    | Note
-------+----------+-------------------------------------------
     0 | D:1      | Suckerboh the Deep Elf Fire Elementalist began the quest for the Orb.
     0 | D:1      | Reached XP level 1. HP: 10/10 MP: 6/6
   126 | D:1      | Reached XP level 2. HP: 15/15 MP: 5/8
   544 | D:1      | Reached XP level 3. HP: 12/19 MP: 5/9
  1322 | D:2      | Reached XP level 4. HP: 9/24 MP: 3/11
  1509 | D:2      | Learned a level 3 spell: Conjure Flame
  1514 | D:2      | Learned a level 4 spell: Sticky Flame
  2126 | D:3      | Found a burning altar of Makhleb.
  2162 | D:3      | Noticed Suckerboh's ghost (amateur DEFE)
  2175 | D:3      | Killed Suckerboh's ghost
  2175 | D:3      | Reached XP level 5. HP: 28/28 MP: 4/13
  2565 | D:3      | Noticed Terence
  2572 | D:3      | Noticed Jessica
  2581 | D:3      | Killed Terence
  2581 | D:3      | Reached XP level 6. HP: 32/32 MP: 2/14
  2583 | D:3      | Killed Jessica
  2906 | D:3      | Noticed Sigmund
  3192 | D:3      | Reached skill level 5 in Fire Magic
  3393 | D:3      | Reached skill level 5 in Spellcasting
  3622 | D:3      | Learned a level 5 spell: Fireball
  3972 | D:4      | Reached skill level 5 in Conjurations
  4189 | D:4      | Found a shadowy altar of Dithmenos.
  4209 | D:4      | Reached XP level 7. HP: 9/37 MP: 1/17
  4935 | D:4      | Killed from afar by an orc wizard

Skill      XL: |  1  2  3  4  5  6  7 |
---------------+----------------------+-----
Fire Magic     | 4 5 |  5.6
Conjurations   | 2 4 5 6 |  6.0
Spellcasting   | 4 5 6 |  6.0
Dodging        | 3 |  3.2
Fighting       | |  0.7
Stealth        | |  2.4

Action                   |  1- 3 |  4- 6 |  7- 9 || total
-------------------------+-------+-------+-------++-------
Melee: Unarmed           |     8 |       |       ||     8
       Dagger            |       |    21 |     5 ||    26
 Cast: Flame Tongue      |    50 |   128 |    23 ||   201
       Conjure Flame     |       |     2 |       ||     2
       Sticky Flame      |       |     5 |     3 ||     8
 Stab: Sleeping          |       |     5 |       ||     5
  Eat: Chunk             |     1 |    10 |     2 ||    13
Armor: Robe              |     5 |     5 |       ||    10
Dodge: Dodged            |    18 |    36 |     9 ||    63
